 Dungeon Crawl Stone Soup version 0.31-a0-313-g785cd24033 (webtiles) character file.

Game seed: 10368385680186974358

90276 Essalna the Earth Mage (level 16, -6/99 HPs)
             Began as a Gargoyle Earth Elementalist on July 16, 2023.
             Was a High Priest of Vehumet.
             Mangled by an ettin
             ... wielding a +0 dire flail
              (8 damage)
             ... on level 1 of the Orcish Mines on July 17, 2023.
             The game lasted 01:02:10 (21477 turns).

Essalna the Earth Mage (GrEE)                      Turns: 21477, Time: 01:02:10

Health: -6/99      AC: 25    Str: 15    XL:     16   Next: 0%
Magic:  25/37      EV: 20    Int: 26    God:    Vehumet [*****.]
Gold:   1562       SH:  5    Dex: 14    Spells: 11/31 levels left

rFire   . . .        S - staff of the Eight Xalams {Str+2 Dex+2 Earth}
rCold   . . .        i - +0 buckler
rNeg    + . .        W - +2 troll leather armour {Snorg}
rPois   ∞            (no helmet)
rElec   +            T - +0 cloak "Doxoeset" {Int+3}
rCorr   .            (no gloves)
SInv    .            Q - +2 pair of boots
Will    +....        r - amulet of magic regeneration
Stlth   +++          E - ring of magical power
HPRegen 1.16/turn    K - +5 ring of evasion
MPRegen 0.65/turn

%: clarity
@: flying
A: sickness immunity, AC +12, big wings, negative energy resistance 1,
electricity resistance, torment resistance 1, petrification resistance, thin
skeletal structure 1, clarity, frail 1, shaggy fur 1
a: Renounce Religion


You were on level 1 of the Orcish Mines.
You worshipped Vehumet.
Vehumet was extremely pleased with you.
You visited 4 branches of the dungeon, and saw 23 of its levels.
You also visited: Ossuary.

You collected 1862 gold pieces.
You spent 300 gold pieces at shops.

Inventory:

Hand Weapons
 w - a +1 dagger of venom
 N - the +8 trident of Lotici {speed, *Corrode Int+6 Dex+3}
   (You found it on level 14 of the Dungeon)

   Int:       It affects your intelligence (+6).
   Dex:       It affects your dexterity (+3).
   *Corrode:  It may corrode you when you take damage.
Armour
 a - a scarf of repulsion
 i - a +0 buckler (worn)
 Q - a +2 pair of boots (worn)
 T - the +0 cloak "Doxoeset" (worn) {Int+3}
   (You found it on level 2 of the Lair of Beasts)

   Int:       It affects your intelligence (+3).
 W - a +2 troll leather armour (worn) {Snorg}
Magical Staves
 z - a staff of conjuration {STAFF}
 S - the staff of the Eight Xalams (weapon) {Str+2 Dex+2 Earth}
   (You acquired it on level 15 of the Dungeon)

   [staff of earth]

   Base accuracy: +5 Base damage: 5 Base attack delay: 1.2 This weapon's minimum
   attack delay (0.6) is reached at skill level 12.
   Str:       It affects your strength (+2).
   Dex:       It affects your dexterity (+2).
   Earth:     It increases the power of your Earth spells.
   It falls into the 'Staves' category.
   It is a one-handed weapon.
Jewellery
 r - an amulet of magic regeneration (around neck)
 x - an amulet of reflection
 A - a ring of ice
 E - a ring of magical power (left hand)
 K - a +5 ring of evasion (right hand)
 L - a +6 ring of strength
 M - a +6 ring of strength
 R - a ring of wizardry
 V - a ring of ice
 X - a ring of see invisible
Wands
 p - a wand of flame (52)
 s - a wand of mindburst (26)
 v - a wand of polymorph (12)
 H - a wand of charming (17)
 I - a wand of digging (7)
 O - a wand of acid (10)
 U - a wand of roots (12)
Scrolls
 e - 9 scrolls of identify
 g - 2 scrolls of fog
 l - 3 scrolls of noise
 m - 5 scrolls of amnesia
 t - 4 scrolls of fear
 y - 11 scrolls of teleportation
 C - 2 scrolls of brand weapon
 F - a scroll of blinking
 G - 3 scrolls of poison
 P - 2 scrolls of enchant weapon
 Y - a scroll of butterflies {unknown}
 Z - a scroll of enchant armour
Potions
 b - 3 potions of magic
 c - 10 potions of curing
 d - 10 potions of heal wounds {unknown}
 f - 2 potions of lignification {unknown}
 h - 6 potions of enlightenment {unknown}
 j - 4 potions of might
 k - a potion of cancellation
 n - 2 potions of invisibility
 o - 3 potions of mutation
 q - 5 potions of degeneration
 u - 5 potions of resistance {unknown}
 B - 4 potions of attraction
 D - 2 potions of haste


   Skills:
 + Level 15.8 Fighting
 + Level 10.8 Armour
 + Level 8.5 Dodging
 - Level 2.1 Stealth
 - Level 4.0 Shields
 + Level 8.2 Spellcasting
 + Level 10.8 Conjurations
 - Level 0.7 Transmutations
 + Level 17.4 Earth Magic
 + Level 2.0 Evocations


You had 11 spell levels left.
You knew the following spells:

 Your Spells              Type           Power      Damage    Failure   Level
a - Sandblast             Erth           100%       2d20      0%          1
b - Stone Arrow           Conj/Erth      100%       3d13      1%          3
c - Lee's Rapid Deconstr  Erth           50%        3d24*     1%          5
d - Leda's Unmaking       Conj/Erth      45%        9d8       1%          6
e - Iskenderun's Battles  Conj           61%        2d11      1%          5

Your spell library contained the following spells:

 Spells                   Type           Power      Damage    Failure   Level
 Arcjolt                  Conj/Air       19%        1d29      7%          5
 Kiss of Death            Conj/Necr      100%       2d13      1%          1
 Passwall                 Tmut/Erth      60%        N/A       1%          2
 Dazzling Flash           Conj/Hex       78%        N/A       1%          3
 Mephitic Cloud           Conj/Pois/Air  29%        N/A       1%          3
 Petrify                  Tmut/Erth      72%        N/A       1%          4
 Animate Armour           Summ/Erth      100%       N/A       2%          4
 Flame Wave               Conj/Fire      39%        2d11      2%          4
 Fulminant Prism          Conj/Hex       19%        3d10      2%          4
 Iskenderun's Mystic Bla  Conj/Tloc      39%        2d9       2%          4
 Leda's Liquefaction      Hex/Erth       35%        N/A       2%          4
 Sticky Flame             Conj/Fire      39%        2d6       2%          4
 Poisonous Vapours        Pois/Air       20%        N/A       3%          2
 Inner Flame              Hex/Fire       10%        N/A       7%          3
 Volatile Blastmotes      Fire/Tloc      20%        2d11      7%          3
 Borgnjor's Vile Clutch   Necr/Erth      35%        N/A       7%          5
 Freezing Cloud           Conj/Ice/Air   14%        6-21      14%         5
 Confusing Touch          Hex            10%        N/A       26%         3
 Conjure Ball Lightning   Conj/Air       19%        3x3d6     32%         6
 Starburst                Conj/Fire      19%        6d7       32%         6
 Lehudib's Crystal Spear  Conj/Erth      45%        10d11     38%         8
 Yara's Violent Unravell  Hex/Tmut       6%         3d5       45%         5
 Dispel Undead            Necr           10%        3d9       65%         4
 Alistair's Intoxication  Tmut/Pois      8%         N/A       90%         5
 Eringya's Noxious Bog    Tmut/Pois      6%         4d6       93%         6
 Enfeeble                 Hex            5%         N/A       100%        7
 Discord                  Hex            5%         N/A       100%        8
 Disjunction              Tloc           5%         N/A       100%        8
 Maxwell's Capacitive Co  Air            5%         ∞         100%        8


Dungeon Overview and Level Annotations

Branches:
Dungeon (15/15)            Temple (1/1) D:4            Lair (5/5) D:11
 Shoals (0/4) Lair:3       Spider (0/4) Lair:3        Slime (0/5) Lair:5
    Orc (2/2) D:11            Elf (0/3) Orc:2        Vaults (0/5) D:13
 Depths (0/4) D:15        Ossuary (visited)

Altars:
Ashenzari
Cheibriados
Dithmenos
Elyvilon
Fedhas
Gozag
Hepliaklqana
Kikubaaqudgha
Makhleb
Nemelex Xobeh
Okawaru
Qazlal
Ru
Sif Muna
Trog
Uskayaw
Vehumet
Wu Jian
Xom
Yredelemnul
Zin
The Shining One
Jiyva

Shops:
D:3 *   D:6 *   D:8 :*==:

Annotations:
D:9 2 transporters, exclusion: oklob plant, syranez's ghost, novice DjFE


Innate Abilities, Weirdness & Mutations

You are immune to sickness and miasma.
Your stone body is resilient. (AC +12)
You are immune to poison.
Your large and strong wings let you fly.
You resist negative energy. (rN+)
You are resistant to electric shocks. (rElec)
You are resistant to unholy torment.
You are immune to petrification.
You have a somewhat thin skeletal structure. (Dex +2, Stealth+)
You possess an exceptional clarity of mind.
You are frail. (-10% HP)
You are covered in fur. (AC +1)


Message History

Confirm with . or Enter, or press ? or * to list all spells.
Aiming: Lee's Rapid Deconstruction (safe; 1% risk of failure)
Press: ? - help, Dir - move target A rock wall.
You feel a surge of power!
The wall shatters!
The blast of rock fragments hits the ettin!!
The ettin is moderately wounded.
The blast of rock fragments hits the orc!!
You kill the orc!
Vehumet accepts your kill.
You feel your power returning.
The blast of rock fragments hits the orc knight!!
The orc knight is moderately wounded.
The ettin completely misses you. You block the ettin's attack.
Casting: Lee's Rapid Deconstruction (safe; 1% risk of failure)
Confirm with . or Enter, or press ? or * to list all spells.
Aiming: Lee's Rapid Deconstruction (safe; 1% risk of failure)
Press: ? - help, Dir - move target A rock wall.
You feel a surge of power!
The wall shatters!
The blast of rock fragments hits the ettin!
The ettin is heavily wounded.
The blast of rock fragments hits the orc knight!
The orc knight is heavily wounded.
The ettin hits you with a +0 dire flail!
* * * LOW HITPOINT WARNING * * *
The ettin hits you with a +0 dire flail!!
* * * LOW HITPOINT WARNING * * *
Casting: Lee's Rapid Deconstruction (safe; 1% risk of failure)
Confirm with . or Enter, or press ? or * to list all spells.
Aiming: Lee's Rapid Deconstruction (safe; 1% risk of failure)
Press: ? - help, Dir - move target A rock wall.
You feel a surge of power!
The wall shatters!
The blast of rock fragments hits the orc knight!!
The orc knight is almost dead.
The blast of rock fragments hits the ettin!!
The ettin is severely wounded.
The ettin hits you with a +0 dire flail!
You die...

### ##########.. #.##
#((8()#... ##..#
#(()((#... ##..##
#.(...#...
##...#####.....#...
#.....#.####'###...
##..o)...[..........
###...C#...>÷8.8.8....
###....@.#...)).........
##......###..............
#.......# ###...[.).##.##
###.....#####..)#.....#.#
###....#.#....##[..##..
#.#..........#........
#####........#..#.....
##...########....#
#.....# ##...#


You could see an orc knight and an ettin.

Vanquished Creatures
  Rupert (Lair:3)
  Frances (D:13)
  Roxanne (D:15)
  An emperor scorpion (shapeshifter) (D:15)
  A very ugly thing (D:15)
  A fire dragon (Lair:5)
  Snorg (Lair:5)
  A yaktaur captain (D:13)
  4 centaur warriors
  4 hydras
  4 boulder beetles
  3 ogre magi
  A catoblepas (Lair:3)
  15 two-headed ogres
  2 tengu warriors (D:15)
  Urug (Lair:3)
  Lodul (D:9)
  A glowing orange brain (D:15)
  5 lindwurms
  Pikel (D:7)
  An orc knight (Orc:1)
  2 deep elf pyromancers
  17 ugly things
  4 cyclopes
  5 manticores
  4 elephants (Lair:2)
  6 black mambas
  3 torpor snails (Lair:2)
  2 molten gargoyles (Lair:5)
  A gargoyle (D:10)
  3 yaktaurs
  An unseen horror (D:12)
  9 cane toads
  A kobold demonologist (D:11)
  2 rime drakes
  An efreet (D:15)
  17 komodo dragons
  A freezing wraith (D:14)
  2 tengu conjurers (D:15)
  8 trolls
  A wind drake (Lair:3)
  7 polar bears
  A hornet (D:8)
  15 blink frogs
  9 dream sheep
  20 slime creatures
  Prince Ribbit (D:7)
  5 shadows
  A wraith (D:12)
  A culicivora (Lair:3)
  A jumping spider (Lair:3)
  Sigmund (D:2)
  3 vampires
  5 wyverns
  19 yaks
  2 steam dragons (Lair:5)
  9 basilisks
  8 vampire mosquitoes
  A warg (Orc:1)
  25 water moccasins
  Duvessa (D:7)
  5 hell hounds (Lair:5)
  3 ice beasts
  4 black bears
  2 sky beasts (D:7)
  14 orc warriors
  4 boggarts (Lair:5)
  19 ogres
  19 wolves
  2 hornet zombies (Ossuary)
  14 centaurs
  2 lemures (D:7)
  6 kobold brigands
  A phantom (D:4)
  12 bullfrogs
  3 water moccasin zombies (Ossuary)
  2 gnoll sergeants
  2 wyvern zombies (Ossuary)
  2 scorpions
  13 wights
  Dowan (D:7)
  18 killer bees
  An electric eel (Lair:1)
  3 howler monkeys
  4 crimson imps (D:12)
  5 lava snakes (Lair:5)
  3 bullfrog zombies (Ossuary)
  4 centaur zombies (Ossuary)
  7 hounds
  A jelly (D:6)
  11 orc priests
  2 sleepcaps (D:5)
  Ijyb (D:4)
  An iguana (D:7)
  9 orc wizards
  2 killer bee zombies (Ossuary)
  10 mummies (Ossuary)
  A howler monkey zombie (Ossuary)
  7 gnolls
  12 adders
  2 worms
  A dart slug (D:1)
  72 orcs
  11 endoplasms
  3 giant cockroaches
  8 goblins
  5 hobgoblins
  3 quokkas
  11 ball pythons
  8 bats
  2 frilled lizards (D:1)
  25 kobolds
  11 rats
670 creatures vanquished.

Notes
Turn   | Place    | Note
-------+----------+-------------------------------------------
     0 | D:1      | Essalna the Gargoyle Earth Elementalist began the quest for
                  | the Orb.
     0 | D:1      | Reached XP level 1. HP: 10/10 MP: 3/3
   102 | D:1      | Reached XP level 2. HP: 16/16 MP: 1/5
   202 | D:1      | Found a faded altar of an unknown god.
   228 | D:1      | Reached skill level 1 in Fighting
   297 | D:1      | Reached skill level 4 in Earth Magic
   546 | D:1      | Reached XP level 3. HP: 20/20 MP: 4/6
  1368 | D:2      | Reached XP level 4. HP: 22/26 MP: 4/8
  1415 | D:2      | Found a snail-covered altar of Cheibriados.
  1875 | D:2      | Noticed Sigmund
  1878 | D:2      | Killed Sigmund
  1879 | D:2      | Reached skill level 5 in Earth Magic
  1879 | D:2      | Reached XP level 5. HP: 26/32 MP: 5/9
  2066 | D:2      | Learned a level 3 spell: Stone Arrow
  2105 | D:3      | Reached XP level 6. HP: 37/37 MP: 8/10
  2641 | D:3      | Found Ygenwus's Assorted Antiques.
  2659 | D:3      | You fall into a shaft and drop 3 floors!
  2679 | D:6      | Reached skill level 1 in Conjurations
  2737 | D:5      | Entered Level 5 of the Dungeon
  2752 | D:5      | Identified the +0 chain mail of Reason {rPois Slay+2
                  | Stlth+}
  2793 | D:5      | Found a hide-covered altar of Uskayaw.
  2846 | D:5      | Reached XP level 7. HP: 43/43 MP: 8/11
  3054 | D:4      | Found a staircase to the Ecumenical Temple.
  3063 | Temple   | Entered the Ecumenical Temple
  3121 | Temple   | Became a worshipper of Vehumet
  3181 | D:4      | Noticed Ijyb
  3191 | D:4      | Killed Ijyb
  3192 | D:4      | Reached skill level 6 in Earth Magic
  3354 | D:4      | Found a blossoming altar of Fedhas.
  3455 | D:4      | Identified the +12 orcbow of Helom {drain, Str+3}
  4332 | D:5      | Reached skill level 5 in Fighting
  4332 | D:5      | Reached XP level 8. HP: 49/49 MP: 10/12
  4432 | D:5      | Reached skill level 7 in Earth Magic
  4917 | D:5      | Found a burning altar of Makhleb.
  5141 | D:6      | Found a broken altar of Ashenzari.
  5154 | D:6      | Learned a level 5 spell: Lee's Rapid Deconstruction
  5199 | D:6      | Reached * piety under Vehumet
  5199 | D:6      | Offered knowledge of Foxfire by Vehumet.
  5295 | D:6      | Reached skill level 5 in Conjurations
  5410 | D:6      | Found an iron altar of Okawaru.
  5555 | D:6      | Reached skill level 8 in Earth Magic
  5563 | D:6      | Found Avvariu's Serpentskin Sales.
  5658 | D:7      | Found a sand-covered staircase.
  5663 | Ossuary  | Entered an ossuary
  5676 | Ossuary  | Reached XP level 9. HP: 38/56 MP: 11/13
  5740 | Ossuary  | HP: 1/57 [killer bee zombie (6)]
  5742 | Ossuary  | Reached skill level 9 in Earth Magic
  5877 | Ossuary  | Offered knowledge of Searing Ray by Vehumet.
  5901 | Ossuary  | Reached ** piety under Vehumet
  6117 | D:7      | Reached skill level 10 in Earth Magic
  6338 | D:7      | Noticed Duvessa
  6342 | D:7      | Noticed Dowan
  6345 | D:7      | Offered knowledge of Hailstorm by Vehumet.
  6346 | D:7      | Killed Duvessa
  6349 | D:7      | Killed Dowan
  6350 | D:7      | Reached XP level 10. HP: 66/66 MP: 1/14
  6659 | D:7      | Found a glowing silver altar of Zin.
  6659 | D:7      | Noticed an angel
  6749 | D:7      | Noticed Prince Ribbit
  6752 | D:7      | Killed Prince Ribbit
  6753 | D:7      | Reached skill level 11 in Earth Magic
  6787 | D:7      | Noticed Pikel
  6790 | D:7      | Killed Pikel
  6791 | D:7      | Reached skill level 10 in Fighting
  7118 | D:8      | Noticed a two-headed ogre
  7121 | D:8      | Killed a two-headed ogre
  7135 | D:8      | Reached skill level 12 in Earth Magic
  7187 | D:8      | Identified the +4 ring mail of Xyaluel {Will+}
  7266 | D:8      | Found Weythred's Self-Improvement Boutique.
  7288 | D:8      | Reached *** piety under Vehumet
  7372 | D:8      | Gained mutation: You possess an exceptional clarity of
                  | mind. [potion of mutation]
  7372 | D:8      | Gained mutation: You are frail. (-10% HP) [potion of
                  | mutation]
  7372 | D:8      | Gained mutation: You are covered in fur. (AC +1) [potion of
                  | mutation]
  7372 | D:8      | Gained mutation: You have a somewhat thin skeletal
                  | structure. (Dex +2, Stealth+) [potion of mutation]
  7591 | D:8      | Found Huugez's Book Shoppe.
  7617 | D:8      | Found Zotureopt's General Store.
  7630 | D:8      | Found Keuliol's Jewellery Emporium.
  7631 | D:8      | Found Zonnibb's Jewellery Shoppe.
  7640 | D:8      | Bought a ring of magical power for 300 gold pieces
  8282 | D:9      | Found a white marble altar of Elyvilon.
  8308 | D:9      | Offered knowledge of Sticky Flame by Vehumet.
  8397 | D:9      | Reached skill level 13 in Earth Magic
  8397 | D:9      | Reached XP level 11. HP: 41/66 MP: 15/15
  8780 | D:9      | Noticed syranez's ghost (novice DjFE)
  8789 | D:9      | Found a transporter.
  8791 | D:9      | Found a transporter.
  8791 | D:9      | Noticed a purple ugly thing
  8793 | D:9      | Noticed an oklob plant
  8885 | D:9      | Reached **** piety under Vehumet
  8978 | D:9      | Offered knowledge of Iskenderun's Mystic Blast by Vehumet.
  9191 | D:10     | Entered Level 10 of the Dungeon
  9191 | D:10     | Noticed Lodul
  9197 | D:9      | Killed Lodul
  9198 | D:9      | Reached skill level 1 in Armour
  9873 | D:10     | Found a shadowy altar of Dithmenos.
  9939 | D:10     | Noticed a two-headed ogre
  9944 | D:10     | Noticed a centaur warrior
  9947 | D:10     | Reached skill level 14 in Earth Magic
  9947 | D:10     | Killed a two-headed ogre
  9949 | D:10     | Killed a centaur warrior
 10373 | D:11     | Reached ***** piety under Vehumet
 10373 | D:11     | Offered knowledge of Starburst by Vehumet.
 10399 | D:11     | Reached XP level 12. HP: 73/73 MP: 16/16
 10471 | D:11     | Noticed a two-headed ogre
 10475 | D:11     | Killed a two-headed ogre
 10478 | D:11     | Noticed a boulder beetle
 10485 | D:11     | Noticed a two-headed ogre
 10503 | D:10     | Upgraded the game from 0.31-a0-278-g485e682e34 to
                  | 0.31-a0-313-g785cd24033
 10505 | D:10     | Killed a boulder beetle
 10553 | D:11     | Killed a two-headed ogre
 10554 | D:11     | Reached skill level 5 in Armour
 10659 | D:11     | Found a staircase to the Orcish Mines.
 10683 | D:11     | Found a staircase to the Lair.
 10927 | Orc:1    | Entered Level 1 of the Orcish Mines
 11132 | Orc:2    | Entered Level 2 of the Orcish Mines
 11132 | Orc:2    | Noticed an ettin
 11132 | Orc:2    | Found a staircase to the Elven Halls.
 11191 | Lair:1   | Entered Level 1 of the Lair of Beasts
 11265 | Lair:1   | Learned a level 6 spell: Leda's Unmaking
 11520 | Lair:1   | Reached skill level 15 in Earth Magic
 11656 | Lair:1   | Reached skill level 5 in Dodging
 12220 | Lair:2   | Reached XP level 13. HP: 37/80 MP: 4/18
 12351 | Lair:2   | Offered knowledge of Iskenderun's Battlesphere by Vehumet.
 12365 | Lair:2   | Learned a level 5 spell: Iskenderun's Battlesphere
 12435 | Lair:2   | Found a snail-covered altar of Cheibriados.
 12730 | Lair:2   | Identified the +0 cloak "Doxoeset" {Int+3}
 13378 | Lair:3   | Noticed Urug
 13382 | Lair:3   | Killed Urug
 13482 | Lair:3   | Reached skill level 5 in Spellcasting
 13545 | Lair:3   | Found a staircase to the Shoals.
 14025 | Lair:3   | Found a hole to the Spider Nest.
 14312 | Lair:3   | Noticed Rupert
 14317 | Lair:3   | Killed Rupert
 14833 | Lair:4   | You fall into a shaft and drop 1 floor!
 14833 | Lair:5   | Entered Level 5 of the Lair of Beasts
 14859 | Lair:5   | Reached skill level 16 in Earth Magic
 14859 | Lair:5   | Gained mutation: Your large and strong wings let you fly.
                  | [Gargoyle growth]
 14859 | Lair:5   | Reached XP level 14. HP: 86/86 MP: 22/22
 15093 | Lair:5   | Found a viscous altar of Jiyva.
 15093 | Lair:5   | Found a staircase to the Slime Pits.
 15301 | Lair:4   | Offered knowledge of Plasma Beam by Vehumet.
 16032 | Lair:5   | Noticed Snorg
 16037 | Lair:5   | Killed Snorg
 16837 | Lair:5   | Found a large runed translucent door.
 16837 | Lair:5   | Found a large runed translucent door.
 17180 | Lair:3   | Identified the +4 scale mail "Kullocw" {rC+ Dex+2}
 17682 | D:12     | Offered knowledge of Orb of Destruction by Vehumet.
 17786 | D:12     | Reached skill level 15 in Fighting
 17988 | D:12     | Found a shimmering altar of Xom.
 18556 | D:13     | Found a gate to the Vaults.
 18617 | D:13     | Noticed Frances
 18622 | D:13     | Killed Frances
 18760 | D:13     | Reached XP level 15. HP: 92/92 MP: 22/25
 19227 | D:14     | Identified the +8 trident of Lotici {speed, *Corrode Int+6
                  | Dex+3}
 19267 | D:14     | Reached skill level 10 in Conjurations
 19587 | D:14     | Reached skill level 10 in Armour
 19760 | D:14     | Reached skill level 17 in Earth Magic
 19914 | D:15     | Entered Level 15 of the Dungeon
 19950 | D:15     | Found a shimmering blue altar of Sif Muna.
 20174 | D:15     | Identified a scroll of acquirement
 20174 | D:15     | Acquired the staff of the Eight Xalams {Str+2 Dex+2 Earth}
 20220 | D:15     | Offered knowledge of Arcjolt by Vehumet.
 20349 | D:15     | Paralysed by something for 4 turns
 20574 | D:15     | Reached skill level 1 in Evocations
 20806 | D:15     | Noticed Roxanne
 20812 | D:15     | Killed Roxanne
 20972 | D:15     | Paralysed by an ogre mage for 5 turns
 21016 | D:15     | Found a staircase to the Depths.
 21198 | D:15     | Noticed an emperor scorpion
 21200 | D:15     | an emperor scorpion changed into a storm dragon
 21200 | D:15     | Noticed a storm dragon (glowing shapeshifter)
 21201 | D:15     | a storm dragon changed into a death yak
 21202 | D:15     | a death yak changed into an emperor scorpion
 21202 | D:15     | Noticed an emperor scorpion (glowing shapeshifter)
 21204 | D:15     | Killed an emperor scorpion
 21407 | Orc:1    | Reached XP level 16. HP: 93/99 MP: 12/28
 21476 | Orc:1    | HP: 1/99 [ettin/+0 dire flail (21)]
 21477 | Orc:1    | Mangled by an ettin

Illustrated notes

Levels and vault maps discovered:
D:1:      minmay_arrival_checkered_box, layout_loops_ring,
          basic_ecumenical_altar, minmay_small_reverse_x
D:2:      layout_loops_ring, basic_altar, uniq_sigmund
D:3:      layout_basic, serial_shops, nicolae_shop_tiny_glass
D:4:      layout_rooms, fedhas_altar_2, minmay_temple_entry_statues_pillars,
          serial_co_window_serial, co_window_of_opportunity_a,
          co_window_paths_a, co_window_paths_a, co_window_of_opportunity_a,
          co_window_cross_1, co_window_corner_a, co_window_paths_b,
          co_window_2corner, co_window_2corner, co_window_broadway_a,
          co_window_broadway_c, co_window_2corner, glass_columns_b,
          glass_columns_b, glass_columns_c, nrook_campfire, uniq_ijyb
D:5:      layout_basic, lemuel_coloured_pillars_altar, nicolae_uskayaw_suspiria,
          kennysheep_potato
D:6:      layout_gridville, mainiacjoe_overflow_alcove_1,
          evilmike_ruin_ashenzari, guppyfry_shop_venom
D:7:      layout_layer_cave, zin_angel, enter_bailey_4, enter_ossuary_2,
          serial_bayou_crossing, uniq_pikel, uniq_prince_ribbit1, uniq_duvessa
D:8:      black_bear_nest_1, layout_loops_corners, serial_shops,
          nicolae_diamond_shop, nicolae_wooded_promenade,
          minmay_misc_feat_cross, nicolae_shop_self_help
D:9:      layout_irregular_city, elyvilon_altar_3, nzn_ghost_randoct,
          minmay_fractal_squares_diagonal_5
D:10:     cheibrodos_barr_body, layout_small_grid, mainiacjoe_overflow_alcove_4,
          nicolae_straight_to_the_point, uniq_lodul
D:11:     layout_rooms, lair_entry_dummy, hiddenorc1_lemuel
D:12:     layout_cave_pools, special_room [special_room_orc], led_xom_imps
D:13:     layout_cave_pools, david_vaults_2, uniq_frances
D:14:     layout_small_grid, roderic_lattice_octagonal_star, hangedman_ranch
D:15:     gammafunk_enter_depths_forms, layout_long_grid, lemuel_blue_sif_altar,
          uniq_roxanne
Temple:   zaba_magenta_temple
Lair:1:   layout_loops_ring, infiniplex_staircase_pool
Lair:2:   layout_cave_pods, kennysheep_snail_temple
Lair:3:   layout_cave_pods, minmay_shoals_entry_beasts,
          spider_nest_entry_funnel_web, chequers_serial_rivers_micro_b,
          minmay_holes, minmay_lindwurm_lava, uniq_rupert, uniq_urug
Lair:4:   layout_loops_ring
Lair:5:   cheibrodos_lair_end_hotspot, layout_misc_corridors,
          dpeg_slime_entry_corner, kilobyte_rumbling_trees, uniq_snorg
Orc:1:    layout_diamond_mine, nicolae_orc_sculptors_studio,
          statue_in_the_mist_lemuel, uniq_erica
Orc:2:    st_orc_mages, layout_caves

Skill      XL: |  1  2  3  4  5  6  7  8  9 10 11 12 13 14 15 |
---------------+----------------------------------------------+-----
Fighting       | 1 2 3 4 5 6 9 11 12 13 14 15 | 15.8
Earth Magic    | 4 5 6 8 10 13 14 15 16 17 | 17.4
Shields        | 2 3 4 |  4.0
Conjurations   | 1 3 5 6 8 9 10 | 10.8
Armour         | 4 6 8 9 10 | 10.8
Dodging        | 3 5 6 7 8 |  8.5
Spellcasting   | 3 5 7 8 |  8.2
Evocations     | 2 |  2.0
Stealth        | |  2.1
Transmutations | |  0.7

Action                     |  1- 3 |  4- 6 |  7- 9 | 10-12 | 13-15 | 16-18 || total
---------------------------+-------+-------+-------+-------+-------+-------++-------
  Melee: Unarmed           |     2 |       |     6 |       |       |       ||     8
         Staff             |       |       |     3 |     7 |    30 |       ||    40
         Dagger            |       |       |       |    13 |       |       ||    13
   Cast: Sandblast         |    55 |    56 |   118 |   260 |   175 |       ||   664
         Stone Arrow       |       |       |    65 |    64 |     2 |       ||   131
         Lee's Rapid Decon |       |       |     4 |    46 |    45 |     3 ||    98
         Leda's Unmaking   |       |       |       |       |   378 |     1 ||   379
         Iskenderun's Batt |       |       |       |       |     1 |       ||     1
  Evoke: Wand              |       |       |       |     1 |     1 |       ||     2
    Use: Scroll            |     4 |     3 |     4 |    11 |     3 |       ||    25
         Potion            |       |       |     1 |     2 |     1 |       ||     4
 Armour: Robe              |     6 |    10 |    34 |    25 |       |       ||    75
         Troll leather arm |       |       |       |    67 |   107 |     1 ||   175
  Dodge: Dodged            |     8 |    15 |    55 |   179 |   209 |     6 ||   472
  Block: Buckler           |       |     1 |    20 |    64 |    63 |     3 ||   151

Table legend: (Time is in decaauts)
 A = Elapsed time spent in this place.
 B = Non-inter-level travel time spent in this place.
 C = Inter-level travel time spent in this place.
 D = Time resting spent in this place.
 E = Time spent auto-exploring this place.
 F = Levels seen in this place.
 G = Mean time per level.
                   A        B        C        D        E       F      G
               +--------+--------+--------+--------+--------+-----+--------+
         Total |  21881 |  20530 |   1351 |    165 |  16543 |  24 |  911.7 |
       Dungeon |  14852 |  13835 |   1017 |     91 |  11403 |  15 |  990.1 |
        Temple |     75 |     59 |     16 |      0 |     50 |   1 |   75.0 |
          Lair |   6154 |   5910 |    244 |      0 |   4817 |   5 | 1230.8 |
  Orcish Mines |    343 |    269 |     74 |      0 |    203 |   2 |  171.5 |
       Ossuary |    455 |    455 |      0 |     74 |     70 |   1 |  455.0 |
               +--------+--------+--------+--------+--------+-----+--------+

Top non-repeatable levels by time:
  Lair:5: 1774 daAuts
  Lair:3: 1363 daAuts
    D:15: 1293 daAuts
     D:1: 1267 daAuts
     D:9: 1153 daAuts
     D:8: 1131 daAuts
  Lair:1: 1098 daAuts
    D:14: 1087 daAuts
  Lair:2: 1076 daAuts
    D:10: 1059 daAuts
     D:7: 1055 daAuts
    D:12: 1042 daAuts
     D:5: 1021 daAuts
     D:4: 935 daAuts
     D:2: 867 daAuts
